 Dungeon Crawl Stone Soup version 0.32-a0-768-g0f6f1dd4b9 (webtiles) character file.

Game seed: 6418036722525329224

3 alfthe the Changeling (level 1, -1/16 HPs)
             Began as a Draconian Shapeshifter on Mar 18, 2024.
             Frozen to death by an endoplasm (5 damage)
             ... on level 1 of the Dungeon.
             The game lasted 00:00:16 (70 turns).

alfthe the Changeling (Draconian Shapeshifter)        Turns: 70, Time: 00:00:16

Health: -1/16      AC:  4    Str: 16    XL:     1   Next: 41%
Magic:  1/1        EV: 11    Int: 10    God:
Gold:   0          SH:  0    Dex: 10    Spells: 0/0 levels left

rFire   . .          .
                       - Unarmed
rCold   . . .        (no shield)
rNeg    . . .        (body armour unavailable)
rPois   .            (helmet currently unavailable)
rElec   .            (cloak currently unavailable)
rCorr   .            (gloves currently unavailable)
SInv    .            (boots currently unavailable)
Will    .....        (no amulet)
Stlth   +            (no ring)
HPRegen 0.22/turn    (no ring)
MPRegen 0.07/turn

%: no passive effects
@: beast-form
A: beast (slay +1), AC +4, unfitting armour, cold-blooded
a: Begin Untransformation


You were on level 1 of the Dungeon.
You were a hulking beast.
You visited 1 branch of the dungeon, and saw 1 of its levels.

Inventory:

Talismans
 b - a beast talisman (active)
 c - a flux talisman
Scrolls
 d - a scroll of revelation {unknown}
Potions
 a - a potion of lignification


   Skills:
 + Level 1.1 Fighting
 + Level 1.7 Dodging
 + Level 3.0 Unarmed Combat
 + Level 3.1 Shapeshifting


You couldn't memorise any spells.
You didn't know any spells.
Your spell library was empty.

Dungeon Overview and Level Annotations

Branches:
Dungeon (1/15)

Altars:


Innate Abilities, Weirdness & Mutations

You are a hulking beast.
Your limbs bulge with bestial killing power. (Slay +1)
Your plain brown scales are hard. (AC +4)
You cannot fit into any form of body armour.
You are cold-blooded and may be slowed by cold attacks.


Message History

A kobold comes into view. It is wielding a +0 short sword.
The kobold shouts!
An endoplasm comes into view.
The kobold throws a stone.
The stone hits you but does no damage. The kobold hits you but does no damage.
The frilled lizard bites you but does no damage.
The kobold hits you but does no damage.
The frilled lizard hisses.
The frilled lizard bites you.
The kobold hits you with a +0 short sword.
The frilled lizard bites you but does no damage.
The kobold throws a stone.
The stone completely misses you.
The frilled lizard hisses.
The frilled lizard completely misses you.
You hit the frilled lizard.
The frilled lizard is heavily wounded.
The frilled lizard barely misses you.
You closely miss the frilled lizard.
Your tail-slap misses the frilled lizard.
The frilled lizard is heavily wounded.
The kobold hits you but does no damage. The frilled lizard closely misses you.
The endoplasm closely misses you.
You hit the frilled lizard.
You kill the frilled lizard!
The kobold hits you with a +0 short sword.
The endoplasm freezes you.
You are frozen.
You feel yourself slow down.
You closely miss the kobold. Your punch misses the kobold.
You feel yourself speed up. The kobold barely misses you.
The endoplasm barely misses you.
The kobold hits you with a +0 short sword.
The endoplasm barely misses you.
You punch the kobold!
You kill the kobold!
The endoplasm freezes you.
You are frozen.
* * * LOW HITPOINT WARNING * * *
The endoplasm freezes you.
You are frozen.
You die...

..............###.# ..
###............... ...
##.#.......##.. #...
...#......###.# .....
..#........####.###....#
# ##....>............###
#...#####.....#....^..
#.#. ####...#.## ..#.
#..hJ..# .# ..
##.#.#...# .....# ....
#..#.### ... ....#.# ##
.... #.. .... #.. ...
...


You could see an endoplasm.

Vanquished Creatures
  A kobold (D:1)
  2 frilled lizards (D:1)
  A goblin (D:1)
4 creatures vanquished.

Notes
Turn   | Place    | Note
-------+----------+-------------------------------------------
     0 | D:1      | alfthe the Draconian Shapeshifter began the quest for the
                  | Orb.
     0 | D:1      | Reached XP level 1. HP: 16/16 MP: 1/1
    70 | D:1      | Frozen to death by an endoplasm

Illustrated notes

Levels and vault maps discovered:
D:1:      nicolae_arrival_memento_mori, layout_rooms, serial_corexii_hall,
          corexii_hall_statues_i, corexii_hall_statues_i,
          minmay_misc_feat_plants, minmay_misc_feat_alley

Action                     || total
---------------------------++-------
  Melee: Unarmed           ||     9
 Armour: Skin              ||    11
  Dodge: Dodged            ||     8

Table legend: (Time is in decaauts)
 A = Elapsed time spent in this place.
 B = Non-inter-level travel time spent in this place.
 C = Inter-level travel time spent in this place.
 D = Time resting spent in this place.
 E = Time spent auto-exploring this place.
 F = Levels seen in this place.
 G = Mean time per level.
                   A        B        C        D        E       F      G
               +--------+--------+--------+--------+--------+-----+--------+
         Total |     70 |     70 |      0 |      0 |     29 |   1 |   70.0 |
       Dungeon |     70 |     70 |      0 |      0 |     29 |   1 |   70.0 |
               +--------+--------+--------+--------+--------+-----+--------+

Top non-repeatable levels by time:
     D:1: 70 daAuts
